 Dungeon Crawl Stone Soup version 0.21.1-1-g345015f (webtiles) character file.

609 wilfster70 the Magician (level 7, -1/59 HPs)
             Began as a Troll Wizard on Mar 1, 2018.
             Slain by a bullfrog skeleton (3 damage)
             ... on level 5 of the Dungeon.
             The game lasted 00:13:11 (2605 turns).

wilfster70 the Magician (Troll Wizard)              Turns: 2605, Time: 00:13:12

Health: -1/59      AC:  5    Str: 16    XL:     7   Next: 19%
Magic:  11/11      EV:  9    Int: 16    God:
Gold:   162        SH:  0    Dex:  8    Spells: 9/13 levels left

rFire    . . .     SeeInvis .     - Unarmed
rCold    . . .     Gourm    +   (no shield)
rNeg     . . .     Faith    .   a - +0 robe
rPois    .         Spirit   .   b - +0 hat
rElec    .         Reflect  .   (no cloak)
rCorr    .         Harm     .   (gloves unavailable)
MR       .....                  (boots unavailable)
Stlth    +.........             (no amulet)
HPRegen  0.59/turn              (no ring)
MPRegen  0.12/turn              (no ring)

@: no status effects
A: large, unfitting armour, claws 3, fast metabolism 3, gourmand, regeneration
1, shaggy fur 1, tough skin 2
a: no special abilities


You were on level 5 of the Dungeon.
You were very full.

You visited 1 branch of the dungeon, and saw 5 of its levels.

You collected 162 gold pieces.

Inventory:

Missiles
 g - 163 stones (quivered)
Armour
 a - a +0 robe (worn)
 b - a +0 hat (worn)
Jewellery
 w - an uncursed amulet of rage {unknown}
Wands
 u - a wand of enslavement (7)
 v - a wand of polymorph (4)
Scrolls
 k - a scroll of identify {unknown}
 l - a scroll of immolation {unknown}
 o - a scroll of magic mapping
 p - 2 scrolls of amnesia {unknown}
 q - a scroll of noise {unknown}
 x - a scroll of blinking {unknown}
 y - a scroll of remove curse {unknown}
Potions
 e - a potion of agility {unknown}
 f - a potion of brilliance {unknown}
 h - 4 potions of haste
 i - 2 potions of lignification {unknown}
 j - a potion of berserk rage {unknown}
 m - 2 potions of magic {unknown}
 n - a potion of heal wounds {unknown}
 r - a potion of resistance {unknown}
 t - a potion of curing
 z - a potion of degeneration {unknown}
Books
 c - a book of Minor Magic

   Spells                             Type                      Level
   a - Magic Dart                     Conjuration                  1
   b - Blink                          Translocation                2
   c - Call Imp                       Summoning                    2
   d - Slow                           Hexes                        2
   e - Conjure Flame                  Conjuration/Fire             3
   f - Mephitic Cloud                 Conjuration/Poison/Air       3
Comestibles
 d - 6 rations
 s - 2 chunks of flesh


   Skills:
 - Level 1.5 Dodging
 - Level 1.0 Stealth
 - Level 3.2 Unarmed Combat
 + Level 3.9 Spellcasting
 + Level 3.1 Conjurations
   Level 0.6 Summonings
   Level 0.6 Translocations
 + Level 0.5 Fire Magic


You had 9 spell levels left.
You knew the following spells:

 Your Spells              Type           Power        Failure   Level  Hunger
a - Magic Dart            Conj           ##..         4%          1    None
b - Conjure Flame         Conj/Fire      #.......     24%         3    ###....


Dungeon Overview and Level Annotations

Branches:
Dungeon (5/15)
 Temple: D:4-7

Altars:
Cheibriados
Makhleb
Xom
Zin


Innate Abilities, Weirdness & Mutations

You are too large for most types of armour.
You have claws for hands.
Your metabolism is lightning-fast.
You like to eat raw meat.
Your natural rate of healing is unusually fast.
You are covered in fur. (AC +1)
You have very tough skin. (AC +2)


Message History

There is a stone staircase leading up, spattered with blood here.
Items here: )) [[ †† You claw the bullfrog skeleton!
The bullfrog skeleton is moderately damaged.
The bullfrog skeleton hits you. The orc completely misses you.
The orc priest invokes the aid of Beogh against you.
Pain shoots through your body!
* * * LOW HITPOINT WARNING * * *
You scratch the orc priest.
The orc priest is moderately wounded.
The bullfrog skeleton hits you.
* * * LOW HITPOINT WARNING * * *
The orc hits you.
* * * LOW HITPOINT WARNING * * *
You claw the orc priest!
The orc priest is almost dead.
The orc priest hits you with a flail.
* * * LOW HITPOINT WARNING * * *
The bullfrog skeleton hits you.
You die...

# #####
#.
##...##
[##...).#
.......#
#.....#


#oZo# #@# #<# #.# #.# ..# #..# #..# #..# #... You could see an orc priest, an
orc and a bullfrog skeleton.

Vanquished Creatures
  Grinder (D:3)
  A hound (D:5)
  3 orc wizards
  An orc priest (D:3)
  Terence (D:2)
  Ijyb (D:2)
  Natasha (twice) (D:3)
  Robin (D:3)
  3 adders (D:3)
  2 oozes (D:3)
  4 worms
  4 dart slugs (D:1)
  3 leopard geckos
  3 orcs
  A ball python (D:3)
  3 giant cockroaches
  18 goblins
  5 hobgoblins
  3 jackals
  A quokka (D:2)
  6 bats
  4 frilled lizards
  7 kobolds
  A leopard gecko zombie (D:4)
  10 rats
89 creatures vanquished.

Vanquished Creatures (others)
  An orc wizard (D:5)
1 creature vanquished.

Grand Total: 90 creatures vanquished

Notes
Turn   | Place    | Note
-------+----------+-------------------------------------------
     0 | D:1      | wilfster70 the Troll Wizard began the quest for the Orb.
     0 | D:1      | Reached XP level 1. HP: 16/16 MP: 2/2
   174 | D:1      | Reached XP level 2. HP: 21/24 MP: 4/4
   913 | D:2      | Reached XP level 3. HP: 16/31 MP: 5/5
   975 | D:2      | Reached skill level 1 in Unarmed Combat
  1282 | D:2      | Found a snail-covered altar of Cheibriados.
  1583 | D:3      | Noticed Ijyb
  1586 | D:3      | Noticed Terence
  1633 | D:2      | Killed Terence
  1633 | D:2      | Reached XP level 4. HP: 39/39 MP: 7/7
  1656 | D:2      | Killed Ijyb
  1708 | D:3      | Reached XP level 5. HP: 45/45 MP: 5/8
  1742 | D:3      | Noticed Robin
  1745 | D:3      | Reached skill level 1 in Conjurations
  1806 | D:2      | Learned a level 3 spell: Conjure Flame
  1818 | D:3      | Killed Robin
  1889 | D:3      | Found a shimmering altar of Xom.
  1950 | D:3      | Noticed Grinder
  1951 | D:3      | Noticed Natasha
  1969 | D:3      | Killed Natasha
  1983 | D:3      | Paralysed by Grinder for 6 turns
  2010 | D:3      | Reached XP level 6. HP: 32/53 MP: 6/9
  2028 | D:3      | Paralysed by Grinder for 3 turns
  2036 | D:3      | Paralysed by Grinder for 7 turns
  2047 | D:3      | Paralysed by Grinder for 3 turns
  2052 | D:3      | Killed Grinder
  2312 | D:3      | Noticed Natasha
  2320 | D:3      | Killed Natasha
  2320 | D:3      | Reached XP level 7. HP: 47/59 MP: 11/11
  2529 | D:4      | Found a burning altar of Makhleb.
  2533 | D:4      | Noticed a blizzard demon
  2534 | D:4      | Found a glowing silver altar of Zin.
  2535 | D:4      | Noticed an angel
  2585 | D:5      | Entered Level 5 of the Dungeon
  2605 | D:5      | HP: 2/59 [orc priest/flail (5)]
  2605 | D:5      | Slain by a bullfrog skeleton

Skill      XL: |  1  2  3  4  5  6  7 |
---------------+----------------------+-----
Unarmed Combat | 2 3 |  3.2
Spellcasting   | 3 |  3.9
Conjurations   | 1 2 3 |  3.1
Dodging        | |  1.5
Stealth        | |  1.0
Summonings     | |  0.6
Translocations | |  0.6
Fire Magic     | |  0.5

Action                   |  1- 3 |  4- 6 |  7- 9 || total
-------------------------+-------+-------+-------++-------
Melee: Unarmed           |   146 |   155 |    35 ||   336
       Punch             |       |     3 |     1 ||     4
Throw: Stone             |    10 |     2 |       ||    12
 Cast: Magic Dart        |       |     5 |       ||     5
  Use: Potion            |       |     1 |       ||     1
       Scroll            |       |       |     1 ||     1
 Stab: Sleeping          |     2 |       |       ||     2
  Eat: Chunk             |    15 |    12 |     2 ||    29
Armor: Robe              |    85 |    45 |     6 ||   136
       Skin              |     5 |     5 |       ||    10
Dodge: Dodged            |   124 |    56 |    14 ||   194
